 Dungeon Crawl Stone Soup version 0.15-a0-1656-gb4d1502 (console) character file.

305 Mac the Ruffian (level 6, 0/59 HPs)
             Began as a Troll Fighter on June 23, 2014.
             Slain by a killer bee (5 damage)
             ... on Level 7 of the Dungeon.
             The game lasted 00:02:58 (472 turns).

Mac the Ruffian (Troll Fighter)                      Turns: 472, Time: 00:02:59

HP   0/59        AC  5     Str 27      XL: 6   Next: 15%
MP   3/3         EV  8     Int  4      God:
Gold 44          SH  9     Dex  9      Spells:  0 memorised,  5 levels left

rFire  . . .     SeeInvis .       - Unarmed
rCold  . . .     Clarity  .     b - +0 robe
rNeg   . . .     rCorr    .     c - +0 shield
rPois  .         rRot     .     (helmet restricted)
rElec  .         Spirit   .     (no cloak)
SustAb .         Warding  .     (gloves unavailable)
rMut   .         Stasis   .     (boots unavailable)
Gourm  +                        (no amulet)
MR     .....                    (no ring)
                                (no ring)

@: lethally poisoned, not resistant to hostile enchantments, very unstealthy
A: unfitting armour, claws 3, fast metabolism 3, gourmand, regeneration 2,
saprovore 2, shaggy fur 1, tough skin 2
a: no special abilities


You were on level 7 of the Dungeon.
You were not hungry.

You visited 1 branch of the dungeon, and saw 7 of its levels.

You collected 44 gold pieces.

Inventory:

Armour
 b - a +0 robe (worn)
 c - a +0 shield (worn)
Comestibles
 a - 3 meat rations
 f - 2 fruits
Scrolls
 g - 3 scrolls of immolation
 h - a scroll of amnesia {unknown}
 i - a scroll of remove curse {unknown}
 j - a scroll of magic mapping {unknown}
Potions
 e - a potion of might


   Skills:
 - Level 2.4 Fighting
 - Level 2.4 Dodging
 - Level 2.4 Shields
 + Level 6.5 Unarmed Combat


You had 5 spell levels left.
You didn't know any spells.

Dungeon Overview and Level Annotations

Branches:
Dungeon (7/15)
 Temple: D:4-7

Altars:

Annotations:
D:3 Sigmund


Innate Abilities, Weirdness & Mutations

You are too large for most types of armour.
You have claws for hands.
Your metabolism is lightning-fast.
You like to eat raw meat.
You heal very quickly.
You can eat rotten meat.
You are covered in fur (AC +1).
You have very tough skin (AC +2).


Message History

* * * LOW HITPOINT WARNING * * *
The killer bee closely misses you.
You swing at nothing.
You feel less confused. The killer bee barely misses you.
You block the killer bee's attack.
You miss the killer bee.
The killer bee is severely wounded.
You feel sick. You block the killer bee's attack.
You block the killer bee's attack. x2
You miss the killer bee.
The killer bee is severely wounded.
You feel sick. You block the killer bee's attack.
The killer bee barely misses you.
Read which item? (? for menu, Esc to quit)
As you read the scroll labeled NIOFAT LELASOM, it crumbles to dust.
It is a scroll of identify.
Identify which item? (\ to view known items) (? for menu, Esc to quit)
g - 3 scrolls of immolation You feel sick.
The killer bee stings you.
You die...

.. #+#### ...##%...#
.........# .........#
..........# ........@.#
###+#####y####
#.##....####y#..#
...........yy..#
...............#
................#
................+
................#
#+##.###+####'#####+###


You could see 4 killer bees.

Vanquished Creatures
  2 giant frogs (D:6)
  A jelly (D:5)
  2 worker ants (D:6)
  A hound (D:4)
  Ijyb (D:5)
  4 adders
  A worm (D:2)
  2 giant geckos
  A ball python (D:2)
  A bat (D:4)
  3 goblins
  A hobgoblin (D:3)
  2 jackals (D:4)
  A kobold (D:5)
  3 rats
  A rat skeleton (D:4)
27 creatures vanquished.

Notes
Turn   | Place    | Note
--------------------------------------------------------------
     0 | D:1      | Mac, the Troll Fighter, began the quest for the Orb.
     0 | D:1      | Reached XP level 1. HP: 22/22 MP: 1/1
    73 | D:2      | Reached XP level 2. HP: 23/29 MP: 1/1
    77 | D:2      | Reached skill level 3 in Unarmed Combat
   133 | D:2      | Reached XP level 3. HP: 34/36 MP: 2/2
   234 | D:3      | Noticed Sigmund
   265 | D:4      | Reached skill level 4 in Unarmed Combat
   265 | D:4      | Reached XP level 4. HP: 37/44 MP: 2/2
   296 | D:5      | Entered Level 5 of the Dungeon
   326 | D:5      | Noticed Ijyb
   340 | D:5      | Killed Ijyb
   340 | D:5      | Reached skill level 5 in Unarmed Combat
   354 | D:6      | Reached XP level 5. HP: 45/50 MP: 2/2
   366 | D:6      | Noticed a giant frog
   375 | D:6      | Killed a giant frog
   375 | D:6      | Reached skill level 6 in Unarmed Combat
   376 | D:6      | Noticed a giant frog
   394 | D:6      | Killed a giant frog
   394 | D:6      | Reached XP level 6. HP: 22/59 MP: 3/3
   472 | D:7      | Slain by a killer bee

Action                   |  1- 3 |  4- 6 || total
-------------------------+-------+-------++-------
Melee: Unarmed           |    49 |    62 ||   111
  Use: Potion            |       |     2 ||     2
       Scroll            |       |     1 ||     1
 Stab: Sleeping          |       |     1 ||     1
